 Dungeon Sprint DCSS version 0.29-a0-824-gd827844252 (webtiles) character file.

Game seed: 17691220093579853583

1855 mhtbhm the Eclecticist (level 8, -8/63 HPs)
             Began as a Deep Elf Fire Elementalist on July 9, 2022.
             Was a Believer of Vehumet.
             Mangled by an earth elemental (23 damage)
             ... in the Dungeon (Sprint III: "The Ten Rune Challenge").
             The game lasted 00:04:01 (1180 turns).

mhtbhm the Eclecticist (Deep Elf Fire Elementalist) Turns: 1180, Time: 00:04:02

Health: -8/63      AC:  4    Str:  5    XL:     8   Next: 89%
Magic:  26/29      EV: 15    Int: 23    God:    Vehumet [**....]
Gold:   12         SH:  0    Dex: 15    Spells: 25/38 levels left

rFire   . . .      SeeInvis .   (no weapon)
rCold   . . .      Faith    .   (no shield)
rNeg    . . .      Spirit   .   a - +2 robe
rPois   .          Reflect  .   (no helmet)
rElec   .          Harm     .   (no cloak)
rCorr   .          Rampage  .   (no gloves)
Will    .....      NoTele   +   (no boots)
Stlth   ..........              (no amulet)
HPRegen 0.20/turn               (no ring)
MPRegen 0.21/turn               (no ring)

@: mighty, berserking (expiring), very quick
A: no striking features
a: Renounce Religion


You were in the Dungeon.
You worshipped Vehumet.
Vehumet was pleased with you.
You visited 1 branch You collected 12 gold pieces.

Inventory:

Armour
 a - a +2 robe (worn)
Wands
 e - a wand of roots (5) (quivered)
Scrolls
 g - a scroll of blinking
 h - a scroll of brand weapon {unknown}
 i - a scroll of immolation {unknown}
 j - a scroll of fog {unknown}
 l - a scroll of torment {unknown}
 m - a scroll of identify {unknown}
Potions
 b - 2 potions of magic
 c - 2 potions of curing
 d - 2 potions of heal wounds
 f - a potion of berserk rage
 k - a potion of attraction {unknown}
 n - a potion of flight {unknown}
 o - 5 potions of mutation
Miscellaneous
 q - a piece from Xom's chessboard (15/15)


   Skills:
 + Level 0.3 Fighting
 + Level 6.3 Dodging
 + Level 5.1 Stealth
 + Level 15.9 Spellcasting
 + Level 8.0 Conjurations
 + Level 14.1 Fire Magic


You had 25 spell levels left.
You knew the following spells:

 Your Spells              Type           Power      Damage    Failure   Level
a - Foxfire               Conj/Fire      100%       2x1d9     1%          1
b - Scorch                Fire           100%       2d10      0%          2
c - Conjure Flame         Conj/Fire      62%        6-21      1%          3
d - Inner Flame           Hex/Fire       50%        N/A       1%          3
e - Flame Wave            Conj/Fire      62%        2d12      1%          4

Your spell library contained the following spells:

 Spells                   Type           Power      Damage    Failure   Level
 Dazzling Flash           Conj/Hex       72%        N/A       1%          3
 Portal Projectile        Hex/Tloc       36%        N/A       10%         3
 Tukima's Dance           Hex            18%        N/A       10%         3
 Blade Hands              Tmut           9%         N/A       65%         5


Dungeon Overview and Level Annotations

Branches:
Dungeon (1/1)

Altars:
Cheibriados
Dithmenos
Elyvilon
Fedhas
Gozag
Hepliaklqana
Kikubaaqudgha
Makhleb
Nemelex Xobeh
Okawaru
Qazlal
Ru
Sif Muna
Trog
Uskayaw
Vehumet
Wu Jian
Xom
Yredelemnul
Zin
The Shining One
Jiyva
Lugonu


Message History

The earth elemental barely misses you.
You hit the earth elemental.
The earth elemental is moderately damaged.
You punch the earth elemental!
The earth elemental is moderately damaged.
The earth elemental hits you!
You hit the earth elemental but do no damage.
The earth elemental is moderately damaged.
You hit the earth elemental but do no damage.
The earth elemental is moderately damaged.
You hit the earth elemental but do no damage.
The earth elemental is moderately damaged.
The earth elemental misses you.
You hit the earth elemental but do no damage.
The earth elemental is moderately damaged.
You barely miss the earth elemental.
The earth elemental is moderately damaged.
The earth elemental hits you!
You hit the earth elemental but do no damage.
The earth elemental is moderately damaged.
You hit the earth elemental but do no damage.
The earth elemental is moderately damaged.
You hit the earth elemental but do no damage.
The earth elemental is moderately damaged.
The earth elemental hits you!!
* * * LOW HITPOINT WARNING * * *
You hit the earth elemental but do no damage.
The earth elemental is moderately damaged.
You hit the earth elemental but do no damage.
Your punch misses the earth elemental.
The earth elemental is moderately damaged.
The earth elemental misses you.
You hit the earth elemental.
The earth elemental is heavily damaged.
You hit the earth elemental.
The earth elemental is heavily damaged.
You hit the earth elemental.
The earth elemental is heavily damaged.
The earth elemental hits you!!
You die...

♣.#___#___#__#
♣♣.#...#__)#._#
♣♣..###)#§###)##
..♣.#.....§§...#
♣...'.⌠........#
≈...#...######'#
....#.⌠.#__#...#+#######
....#...#__#...#.E[≈≈'.#
....#'###__#...#@#§§§#.#
....#.).#__#...'.#§§§#.#
....#___#__'...#.#§..#..
▓▓▓▓▓▓▓▓▓▓▓▓▓▓▓▓▓▓▓▓▓▓▓▓▓


You could see an earth elemental.

Vanquished Creatures
  Josephine (D)
  A deep elf pyromancer (D)
  A shadow (D)
  A spatial vortex (D)
  A water elemental (D)
  A necrophage (D)
  A jelly (D)
  A wizard (D)
  A necromancer (D)
  3 humans (D)
  A kobold demonologist (D)
  A phantom (D)
  An endoplasm (D)
  3 rats (D)
18 creatures vanquished.

Vanquished Creatures (others)
  38 foxfires (D)
38 creatures vanquished.

Grand Total: 56 creatures vanquished

Notes
Turn   | Place    | Note
-------+----------+-------------------------------------------
     0 | D        | mhtbhm the Deep Elf Fire Elementalist began the quest for
                  | the Orb.
     0 | D        | Reached XP level 1. HP: 10/10 MP: 6/6
   187 | D        | Reached skill level 4 in Spellcasting
   187 | D        | Reached skill level 5 in Fire Magic
   187 | D        | Reached XP level 2. HP: 15/15 MP: 4/9
   234 | D        | Learned a level 2 spell: Scorch
   322 | D        | Noticed a water elemental
   336 | D        | Killed a water elemental
   337 | D        | Reached skill level 6 in Spellcasting
   337 | D        | Reached XP level 3. HP: 19/19 MP: 3/12
   337 | D        | Reached XP level 4. HP: 24/24 MP: 3/14
   385 | D        | Learned a level 3 spell: Conjure Flame
   389 | D        | Learned a level 3 spell: Inner Flame
   394 | D        | Learned a level 4 spell: Flame Wave
   436 | D        | Found a radiant altar of Vehumet.
   437 | D        | Found a shimmering blue altar of Sif Muna.
   437 | D        | Found an ancient bone altar of Kikubaaqudgha.
   437 | D        | Noticed a wizard
   438 | D        | Killed a wizard
   442 | D        | Reached skill level 7 in Spellcasting
   497 | D        | Became a worshipper of Vehumet
   515 | D        | Found a basalt altar of Yredelemnul.
   515 | D        | Found a shadowy altar of Dithmenos.
   515 | D        | Found a sacrificial altar of Ru.
   515 | D        | Noticed a necrophage
   519 | D        | Reached XP level 5. HP: 28/28 MP: 10/17
   521 | D        | Reached skill level 5 in Dodging
   521 | D        | Reached skill level 8 in Spellcasting
   596 | D        | Found a glowing silver altar of Zin.
   596 | D        | Found a glowing golden altar of the Shining One.
   596 | D        | Found a white marble altar of Elyvilon.
   596 | D        | Noticed a deep elf pyromancer
   600 | D        | Noticed a fire elemental
   600 | D        | Noticed a fire elemental
   600 | D        | Killed a deep elf pyromancer
   600 | D        | Reached * piety under Vehumet
   600 | D        | Offered knowledge of Sandblast by Vehumet.
   601 | D        | Reached skill level 12 in Spellcasting
   601 | D        | Reached XP level 6. HP: 32/32 MP: 10/23
   601 | D        | Reached XP level 7. HP: 36/36 MP: 10/24
   674 | D        | Found a hide-covered altar of Uskayaw.
   674 | D        | Found an iron altar of Okawaru.
   674 | D        | Found a bloodstained altar of Trog.
   674 | D        | Found an ornate altar of the Wu Jian Council.
   674 | D        | Noticed a human
   674 | D        | Noticed a human
   678 | D        | Killed a human
   678 | D        | Killed a human
   679 | D        | Reached skill level 13 in Spellcasting
   777 | D        | Reached ** piety under Vehumet
   777 | D        | Offered knowledge of Searing Ray by Vehumet.
   841 | D        | Noticed a shadow
   844 | D        | Killed a shadow
   845 | D        | Reached XP level 8. HP: 41/41 MP: 23/27
   911 | D        | Found a blossoming altar of Fedhas.
   911 | D        | Found a stormy altar of Qazlal.
   911 | D        | Found a snail-covered altar of Cheibriados.
   911 | D        | Found a burning altar of Makhleb.
   911 | D        | Found a shimmering altar of Xom.
   912 | D        | Found a hazy altar of Hepliaklqana.
   912 | D        | Found an opulent altar of Gozag.
   912 | D        | Found a sparkling altar of Nemelex Xobeh.
   912 | D        | Found a corrupted altar of Lugonu.
   912 | D        | Found a viscous altar of Jiyva.
   947 | D        | Offered knowledge of Dazzling Flash by Vehumet.
   948 | D        | Reached skill level 14 in Spellcasting
  1074 | D        | Noticed Josephine
  1083 | D        | Killed Josephine
  1084 | D        | Reached skill level 5 in Stealth
  1084 | D        | Reached skill level 15 in Spellcasting
  1180 | D        | Mangled by an earth elemental

Illustrated notes

Levels and vault maps discovered:
D:        dungeon_sprint_mu [sprint_mu_entry_forest, sprint_mu_temple_rooms,
          sprint_mu_d1_horrors, sprint_mu_d2_genie, sprint_mu_d3_branching,
          sprint_mu_orc_legion, sprint_mu_elf_gauntlet, sprint_mu_hive_nellie,
          sprint_mu_lair_fedhas, sprint_mu_vaults_butterflies,
          sprint_mu_slime_circle, sprint_mu_shoals_kraken,
          sprint_mu_snake_twists, sprint_mu_blade_basic,
          sprint_mu_crypt_chambers, sprint_mu_tomb_spiral,
          sprint_mu_vestibule_basic, sprint_mu_gehenna_hellfire,
          sprint_mu_dis_giant, sprint_mu_tartarus_statrot,
          sprint_mu_cocytus_islands, sprint_mu_zot1]

Skill      XL: |  1  2  3  4  5  6  7  8 |
---------------+-------------------------+-----
Dodging        | 3 4 6 |  6.3
Spellcasting   | 4 6 7 12 13 15 | 15.9
Fire Magic     | 5 7 8 11 13 14 | 14.1
Conjurations   | 3 6 7 8 |  8.0
Stealth        | 3 4 5 |  5.1
Fighting       | |  0.3

Action                   |  1- 3 |  4- 6 |  7- 9 || total
-------------------------+-------+-------+-------++-------
Melee: Unarmed           |       |       |    17 ||    17
 Cast: Foxfire           |    24 |       |     4 ||    28
       Scorch            |     3 |     6 |     8 ||    17
       Flame Wave        |       |     2 |     7 ||     9
       Conjure Flame     |       |       |     1 ||     1
Evoke: Wand              |       |       |     2 ||     2
  Use: Potion            |     2 |       |     2 ||     4
Armor: Robe              |     1 |       |       ||     1
Dodge: Dodged            |     3 |     3 |     5 ||    11

Table legend: (Time is in decaauts)
 A = Elapsed time spent in this place.
 B = Non-inter-level travel time spent in this place.
 C = Inter-level travel time spent in this place.
 D = Time resting spent in this place.
 E = Time spent auto-exploring this place.
 F = Levels seen in this place.
 G = Mean time per level.
                   A        B        C        D        E       F      G
               +--------+--------+--------+--------+--------+-----+--------+
         Total |   1162 |   1162 |      0 |    758 |      0 |   1 | 1162.0 |
       Dungeon |   1162 |   1162 |      0 |    758 |      0 |   1 | 1162.0 |
               +--------+--------+--------+--------+--------+-----+--------+

Top non-repeatable levels by time:
       D: 1162 daAuts
